 Dungeon Crawl Stone Soup version 0.30-a0-867-g305f33218d (webtiles) character file.

Game seed: 13320140784464378868

70 Strat the Cutter (level 4, -2/30 (36) HPs)
             Began as a Draconian Reaver on Mar 10, 2023.
             Slain by an orc
             ... wielding a +0 club
              (3 damage)
             ... on level 2 of the Dungeon.
             The game lasted 00:02:45 (862 turns).

Strat the Cutter (Draconian Reaver)                  Turns: 862, Time: 00:02:46

HP:   -2/30 (36)    AC:  5    Str: 14    XL:     4   Next: 4%
MP:   0/7           EV: 12    Int: 13    God:
Gold: 66            SH:  0    Dex: 12    Spells: 4/7 levels left

rFire   . . .      SeeInvis .    a - +0 short sword
rCold   . . .      Faith    .    (no shield)
rNeg    . . .      Spirit   .    (body armour unavailable)
rPois   .          Reflect  .    (helmet restricted)
rElec   .          Rampage  .    (no cloak)
rCorr   .                        (no gloves)
Will    .....                    (no boots)
Stlth   +                        (no amulet)
HPRegen 0.25/turn                (no ring)
MPRegen 0.10/turn                (no ring)

@: very slightly contaminated, heavily drained
A: AC +5, unfitting armour, cold-blooded
a: no special abilities


You were on level 2 of the Dungeon.
You visited 1 branch of the dungeon, and saw 2 of its levels.

You collected 66 gold pieces.

Inventory:

Hand Weapons
 a - a +0 short sword (weapon)
Missiles
 e - a throwing net
Armour
 d - an orb of light
Scrolls
 b - 2 scrolls of teleportation {unknown}
 h - a scroll of torment {unknown}
 i - a scroll of brand weapon {unknown}
Potions
 c - 3 potions of lignification {unknown}
 f - a potion of haste {unknown}
 g - a potion of ambrosia {unknown}


   Skills:
 - Level 2.1 Fighting
 + Level 4.2 Short Blades
 - Level 1.7 Dodging
 - Level 2.0 Spellcasting
 + Level 3.6 Conjurations
 - Level 1.0 Translocations


You had 4 spell levels left.
You knew the following spells:

 Your Spells              Type           Power      Damage    Failure   Level
a - Kiss of Death         Conj/Necr      24%        2d7       12%         1
b - Momentum Strike       Conj/Tloc      14%        3d8       16%         2

Your spell library contained the following spells:

 Spells                   Type           Power      Damage    Failure   Level
 Hailstorm                Conj/Ice       6%         3d4       36%         3


Dungeon Overview and Level Annotations

Branches:
Dungeon (2/15)

Altars:
Wu Jian


Innate Abilities, Weirdness & Mutations

Your plain brown scales are hard. (AC +5)
You cannot fit into any form of body armour.
You are cold-blooded and may be slowed by cold attacks.


Message History

Confirm with . or Enter, or press ? or * to list all spells.
Aiming: Momentum Strike (safe; 16% risk of failure)
Press: ? - help, Dir - move target You miscast Momentum Strike.
Nothing appears to happen.
The orc barely misses you. Something hits you.
* * * LOW HITPOINT WARNING * * *
The orc barely misses you.
Casting: Momentum Strike (safe; 16% risk of failure)
Confirm with . or Enter, or press ? or * to list all spells.
Aiming: Momentum Strike (safe; 16% risk of failure)
Press: ? - help, Dir - move target The momentum dissipates harmlessly.
The orc barely misses you. Something hits you.
* * * LOW HITPOINT WARNING * * *
The orc hits you with a +0 dagger.
* * * LOW HITPOINT WARNING * * *
Casting: Momentum Strike (safe; 16% risk of failure)
Confirm with . or Enter, or press ? or * to list all spells.
Aiming: Kiss of Death (safe; 12% risk of failure)
Press: ? - help, Shift-Dir - straight line The negative energy hits something!
You feel drained. The orc barely misses you.
Something hits you but does no damage. The orc closely misses you.
You miss something. The orc hits you but does no damage.
Something hits you but does no damage. The orc hits you but does no damage.
You hit something.
Your tail-slap misses something.
The orc completely misses you.
You hear some strange, mumbled words.
A puff of flame appears from out of thin air!
The puff of flame hits you.
* * * LOW HITPOINT WARNING * * *
The orc misses you.
You barely miss something. The orc hits you with a +0 club.
* * * LOW HITPOINT WARNING * * *
Something hits you.
* * * LOW HITPOINT WARNING * * *
The orc hits you with a +0 dagger.
* * * LOW HITPOINT WARNING * * *
You hit something but do no damage. The orc hits you with a +0 club.
You die...

#.#.####.#
#.#......#
#.#.....##
#.#.._..####
#...........
###......##
#...##.# #
#o.## ...
##@###.##
####{o...#
#.)....###
#o###### #.#
#.# # #o# #
#.##########
#
#.......{o.#
#


You could see 2 orcs.

Vanquished Creatures
  Jessica (D:2)
  An adder (D:2)
  2 dart slugs (D:1)
  3 endoplasms
  A giant cockroach (D:1)
  2 goblins (D:1)
  3 jackals (D:1)
  2 quokkas (D:1)
  A ball python (D:1)
  A bat (D:1)
  A frilled lizard (D:2)
  8 kobolds
  7 rats
33 creatures vanquished.

Notes
Turn   | Place    | Note
-------+----------+-------------------------------------------
     0 | D:1      | Strat the Draconian Reaver began the quest for the Orb.
     0 | D:1      | Reached XP level 1. HP: 17/17 MP: 3/3
    25 | D:1      | Found a faded altar of an unknown god.
   127 | D:1      | Reached XP level 2. HP: 21/24 MP: 5/5
   262 | D:1      | Learned a level 2 spell: Momentum Strike
   382 | D:1      | Reached skill level 4 in Short Blades
   493 | D:2      | Reached XP level 3. HP: 29/29 MP: 6/6
   641 | D:2      | Found an ornate altar of the Wu Jian Council.
   731 | D:2      | Noticed Jessica
   735 | D:2      | Killed Jessica
   736 | D:2      | Reached skill level 1 in Translocations
   736 | D:2      | Reached XP level 4. HP: 35/36 MP: 4/7
   861 | D:2      | HP: 1/30 [orc/+0 dagger (4)]
   862 | D:2      | Slain by an orc

Illustrated notes

Levels and vault maps discovered:
D:1:      dpeg_arrival_shelter, layout_basic,
          hellmonk_ecumenical_altar_arch_garden
D:2:      layout_loops_ring, basic_altar, uniq_jessica

Skill      XL: |  1  2  3 |
---------------+----------+-----
Short Blades   | 4 |  4.2
Translocations | 1 |  1.0
Fighting       | |  2.1
Dodging        | |  1.7
Spellcasting   | |  2.0
Conjurations   | |  3.6

Action                     |  1- 3 |  4- 6 || total
---------------------------+-------+-------++-------
  Melee: Short sword       |   113 |    11 ||   124
         Tailslap          |    18 |       ||    18
         Punch             |     1 |       ||     1
   Cast: Momentum Strike   |     1 |     1 ||     2
         Kiss of Death     |       |     1 ||     1
 Armour: Skin              |    38 |    11 ||    49
  Dodge: Dodged            |    55 |    19 ||    74

Table legend: (Time is in decaauts)
 A = Elapsed time spent in this place.
 B = Non-inter-level travel time spent in this place.
 C = Inter-level travel time spent in this place.
 D = Time resting spent in this place.
 E = Time spent auto-exploring this place.
 F = Levels seen in this place.
 G = Mean time per level.
                   A        B        C        D        E       F      G
               +--------+--------+--------+--------+--------+-----+--------+
         Total |    838 |    828 |     10 |     39 |    468 |   2 |  419.0 |
       Dungeon |    838 |    828 |     10 |     39 |    468 |   2 |  419.0 |
               +--------+--------+--------+--------+--------+-----+--------+

Top non-repeatable levels by time:
     D:1: 469 daAuts
     D:2: 369 daAuts
